Map: [ESL] Ancient Cistern

Players

Harstem

  • Race: Protoss Protoss
  • League: Master

Cure - Winner!

  • Race: Terran Terran

Event: IEM Katowice 2023

VOD

Have the link to the VOD?

Description

Time

  • Played on: Feb. 8, 2023, 7:04 a.m.
  • Length: 3:26

All games in this series

Show
View Real Time Build Order
Export as new Build Order

Harstem Protoss 

Build Orders: 1 Gate Expand 

Get SALT Encoding   

  12  0:00  Probe  
  13  0:12  Probe  
  14  0:17  Pylon  
  14  0:24  Probe  
  15  0:36  Gateway, Probe (Chrono Boost)  
  16  0:47  Assimilator, Probe (Chrono Boost)  
  17  0:52  Probe (Chrono Boost)  
  18  1:04  Probe  
  19  1:16  Probe  
  20  1:23  Cybernetics Core  
  20  1:33  Nexus  
  20  1:39  Pylon  
  20  1:45  Probe  
  21  1:49  Assimilator  
  21  1:56  Adept (Chrono Boost)  
  21  1:57  Probe  
  24  2:09  Probe  
  25  2:16  Adept (Chrono Boost)  
  25  2:21  Probe  
  28  2:26  Shield Battery  
  28  2:31  Pylon  
  27  2:40  Stalker (Chrono Boost)  
  29  2:44  Probe  
  29  2:56  Probe  
  28  2:58  Shield Battery  
  28  3:02  Probe  
Show
View Real Time Build Order
Export as new Build Order

Cure Terran - Winner!

Build Orders:  

Get SALT Encoding   

  12  0:00  SCV  
  13  0:12  SCV  
  14  0:17  Supply Depot  
  14  0:24  SCV  
  15  0:39  Barracks  
  15  0:42  Refinery  
  15  0:56  Barracks  
  15  1:00  SCV  
  16  1:12  SCV  
  17  1:26  Orbital Command, Barracks Tech Lab  
  17  1:34  Supply Depot  
  17  1:42  Barracks Tech Lab  
  17  1:45  Marauder  
  19  1:52  SCV  
  19  1:53  Concussive Shells  
  20  2:03  Marauder  
  20  2:05  SCV  
  23  2:12  Marauder  
  25  2:16  Supply Depot  
  25  2:24  Marauder  
  25  2:28  SCV  
  28  2:33  Marauder  
  30  2:40  SCV  
  31  2:46  Marauder  
  31  2:53  SCV  
  31  2:54  Marauder  
  34  3:05  SCV  
  33  3:11  Barracks  

Tags
 
Add a new tag
Caveats
  • Supply blocks, unpowered buildings, or Contaminate may cause inaccurate times.
  • Supply counts are checked every 10 seconds.